[Event "Late-Titled-Tuesday-Blitz-April-16-2024"]
[Site "Chess.com"]
[Date "2024.04.16"]
[Round "5"]
[White "rhwr"]
[Black "Bala-Afiada"]
[Result "1/2-1/2"]
[WhiteElo "2235"]
[BlackElo "2024"]
[TimeControl "180+1"]
[EndTime "14:53:21 PDT"]
[Termination "Game drawn by stalemate"]

1. e4 c5 2. Be2 Nc6 3. f4 d5 4. e5 d4 5. Nf3 Qc7 6. O-O b6 7. c3 dxc3 8. bxc3 Bb7 9. d4 cxd4 10. cxd4 e6 11. Kh1 Rd8 12. Nc3 Nh6 13. Nb5 Qb8 14.
Qa4 a6 15. Nc3 Nf5 16. Rd1 Bb4 17. Bb2 O-O 18. d5 Bxc3 19. Bxc3 exd5 20. Bd3 Ne3 21. Re1 Ng4 22. f5 Nf2+ 23. Kg1 Nxd3 24. Red1 Ndxe5 25. f6 Nxf3+ 26. gxf3 Qd6 27. Qg4 g6 28. Qg5 Qc5+ 29.
Kh1 Qxc3 30. Rac1 Qxf3+ 31. Kg1 Qf5 32. Qh4 h5 33. h3 Rd6 34. Rf1 Qe4 35. Rce1 Qxh4 36.
Kh2 Rxf6 37. Rg1 Rf2+ 38. Rg2 Rxg2+ 39. Kxg2 Qe4+ 40. Kh2 Qxe1 41. Kg2 Qd2+ 42. Kg3 Qxa2 43. Kh4 Qb3 44. Kg5 Qxh3 45. Kh6 Qg4 1/2-1/2

[Event "Late-Titled-Tuesday-Blitz-April-16-2024"]
[Site "Chess.com"]
[Date "2024.04.16"]
[Round "5"]
[White "DonkyDonkyDonkey"]
[Black "mishanick"]
[Result "0-1"]
[WhiteElo "2913"]
[BlackElo "3055"]
[TimeControl "180+1"]
[EndTime "14:53:22 PDT"]
[Termination "mishanick won by resignation"]

1. e4 c5 2. Nf3 d6 3. Bb5+ Bd7 4. c4 Nc6 5. O-O e5 6. Nc3 Nge7 7. d3 Ng6 8. Nd5 Be7 9. h3 O-O 10. a3 f5 11. exf5 Bxf5 12. b4 Nd4 13. Nxd4 cxd4 14.
f4 Kh8 15. Nxe7 Qxe7 16. g4 Bc8 17. f5 Nh4 18. Qe1 a6 19. Ba4 b5 20. Bb3 Bb7 21.
Qg3 Rac8 22. Bd2 Ba8 23. c5 dxc5 24. bxc5 e4 25. c6 Nf3+ 26. Rxf3 exf3 27. Be6 Rxc6 28. Bb4 Qg5 29. Bxf8 Rc2 30. Bxg7+ Kxg7 31. Qe5+ Kh6 32. Bf7 Qe3+ 33. Qxe3+ dxe3 34. h4 Rg2+ 35. Kf1 Rxg4 36.
Re1 e2+ 37. Kf2 Rg2+ 38. Ke3 f2 39. Kxe2 fxe1=Q+ 40.
Kxe1 Kg7 41. Be6 Kf6 42. Bc8 Rh2 43. Bxa6 Bc6 44. Bxb5 Bxb5 0-1

[Event "Late-Titled-Tuesday-Blitz-April-16-2024"]
[Site "Chess.com"]
[Date "2024.04.16"]
[Round "5"]
[White "Statham_01"]
[Black "Lukianoo"]
[Result "0-1"]
[WhiteElo "2623"]
[BlackElo "2832"]
[TimeControl "180+1"]
[EndTime "14:53:26 PDT"]
[Termination "Lukianoo won by resignation"]

1. e4 c6 2. d4 d5 3. f3 e6 4.
Nc3 Bb4 5. a3 Ba5 6. Bd3 Ne7 7.
Ne2 Nd7 8. O-O Bc7 9. e5 c5 10. Nb5 c4 11. Bg5 f6 12. Nf4 Kf7 13. exf6 gxf6 14.
Qe1 Nf8 15. Qh4 fxg5 16. Qh5+ Kg7 17. Nxc7 Qxc7 18. Qxg5+ Neg6 19. Nh5+ Kg8 20. f4 cxd3 21. f5 exf5 22. Rae1 h6 23. Qf6 Qf7 24. Qd8 d2 25. Nf6+ Kg7 26. Nh5+ Kg8 27. Nf6+ Qxf6 28. Qxf6 dxe1=Q 29. Rxe1 Bd7 30. Re7 Nxe7 31. Qxe7 Re8 32. Qd6 Bc6 33.
Qf6 Rh7 34. h4 Rf7 35. Qxh6 Re6 36. Qf4 Re4 37. Qf3 Rg4 38. b4 Rfg7 39. Qxf5 Rxg2+ 40. Kf1 Rf7 0-1

[Event "Late-Titled-Tuesday-Blitz-April-16-2024"]
[Site "Chess.com"]
[Date "2024.04.16"]
[Round "5"]
[White "Denmark2015"]
[Black "ContrVersia"]
[Result "1-0"]
[WhiteElo "2600"]
[BlackElo "2850"]
[TimeControl "180+1"]
[EndTime "14:53:26 PDT"]
[Termination "Denmark2015 won on time"]

1. d4 f5 2. Nf3 Nf6 3. g3 g6 4. Bg2 Bg7 5. O-O O-O 6. Re1 d6 7. Nbd2 Nc6 8. e4 fxe4 9. Nxe4 Nxe4 10. Rxe4 e5 11. dxe5 dxe5 12. Qxd8 Rxd8 13. Bg5 Rd6 14. c3 h6 15. Bd2 Bf5 16. Re2 Rad8 17. Be3 e4 18.
Nh4 Bg4 19. f3 exf3 20. Bxf3 Bxf3 21. Nxf3 Rd1+ 22. Re1 Rxa1 23. Rxa1 Kf7 24. Kf2 a6 25.
Ke2 Ke6 26. Rd1 Rxd1 27. Kxd1 Kf5 28. Ke2 h5 29. Bf4 Be5 30. Nxe5 Nxe5 31. Bxe5 Kxe5 32. Ke3 g5 33. h3 c5 34. c4 b5 35. Kd3 h4 36.
gxh4 gxh4 37. a3 Kf4 38. cxb5 axb5 39. b3 Kg3 40. a4 c4+ 41. Kc3 1-0

[Event "Late-Titled-Tuesday-Blitz-April-16-2024"]
[Site "Chess.com"]
[Date "2024.04.16"]
[Round "5"]
[White "sergiochess83"]
[Black "Sanyura"]
[Result "1-0"]
[WhiteElo "2946"]
[BlackElo "2605"]
[TimeControl "180+1"]
[EndTime "14:53:27 PDT"]
[Termination "sergiochess83 won on time"]

1. e4 c5 2. Nf3 Nc6 3. Bb5 g6 4. O-O Bg7 5. c3 Nf6 6. Re1 O-O 7. d4 cxd4 8. cxd4 d5 9. e5 Ne4 10. Be3 Qb6 11. Bxc6 bxc6 12. Qc1 Rb8 13. b3 f6 14. Nc3 Nxc3 15. Qxc3 Bg4 16. exf6 exf6 17. Nd2 Bd7 18.
Nf3 Bg4 19. Nd2 Rfe8 20. h3 Bd7 21. Bf4 Rbc8 22. Nf3 Bf5 23. Rxe8+ Rxe8 24. Re1 Rxe1+ 25. Qxe1 Be4 26. Qc3 Bxf3 27. gxf3 g5 28. Bd6 Kf7 29. Qd3 Qd8 30. Bc5 h6 31. Qa6 Qd7 32. Qxa7 Qxa7 33. Bxa7 Ke6 34. Bc5 f5 35. a4 Kd7 36. Kf1 Kc8 37. Ke2 Kb7 38. Kd3 Ka6 39. Be7 Bh8 40. Bf8 h5 41. Be7 g4 42. fxg4 fxg4 43. hxg4 hxg4 44.
Ke3 Bg7 45. Bg5 Kb6 46. Kd3 Ka6 47. Bh4 1-0

[Event "Late-Titled-Tuesday-Blitz-April-16-2024"]
[Site "Chess.com"]
[Date "2024.04.16"]
[Round "5"]
[White "steepedgames"]
[Black "Rutricks"]
[Result "1-0"]
[WhiteElo "2504"]
[BlackElo "2676"]
[TimeControl "180+1"]
[EndTime "14:53:28 PDT"]
[Termination "steepedgames won by checkmate"]

1. d4 g6 2. Nf3 Bg7 3. Bf4 Nf6 4. c3 d6 5. Nbd2 O-O 6. e4 Nbd7 7. Bd3 e5 8. Bg5 h6 9. Bh4 Re8 10. O-O Nf8 11. dxe5 dxe5 12. Nc4 N8d7 13. Bc2 Qe7 14. a4 b6 15. Re1 Ba6 16. Ne3 c6 17. a5 Nc5 18. b4 Red8 19. Qb1 Nd3 20. Rd1 Nf4 21. Rxd8+ Qxd8 22. Nxe5 Qc7 23. axb6 axb6 24. N5c4 Ne2+ 25. Kh1 Nxc3 26. Qb3 Ncxe4 27. f3 Nd6 28. Bg3 Nfe8 29. Rd1 Bf8 30. Ne5 Rd8 31. Nxg6 Nc4 32. Rxd8 Qxd8 33. Nxc4 fxg6 34. Nd6+ Kh7 35. Qf7+ Bg7 36. Qxe8 Qf6 37. h4 h5 38. Nf7 Bc4 39. Ng5+ Kh6 40. Ne4 Qa1+ 41. Kh2 Bd5 42. Bf4+ Kh7 43. Ng5+ Kh6 44. Qxg6# 1-0

[Event "Late-Titled-Tuesday-Blitz-April-16-2024"]
[Site "Chess.com"]
[Date "2024.04.16"]
[Round "5"]
[White "DonJuanEGenaro"]
[Black "Kimkibo"]
[Result "0-1"]
[WhiteElo "1993"]
[BlackElo "2382"]
[TimeControl "180+1"]
[EndTime "14:53:29 PDT"]
[Termination "Kimkibo won on time"]

1. Nf3 Nf6 2. g3 d5 3. Bg2 Bf5 4. O-O e6 5. c4 c6 6. Qb3 Qc8 7. d3 Nbd7 8. Be3 Ng4 9. Bd4 e5 10. Bc3 d4 11. Bd2 h5 12. h3 Ngf6 13. Bg5 Bd6 14. Nh4 Nc5 15. Qc2 Bxh3 16. Bxf6 gxf6 17. b4 Bxg2 18. Kxg2 Ne6 19. Nd2 Bxb4 20. Ne4 Be7 21. f4 Nxf4+ 22. Rxf4 exf4 23. Rf1 f5 24. Rxf4 fxe4 25.
Nf5 e3 26. Nxd4 h4 27. gxh4 Rg8+ 28. Kf3 Qh3+ 29. Ke4 O-O-O 30. Nf5 Bc5 31. d4 Qh1+ 32. Kxe3 Rge8+ 33. Kd3 Qh2 34. e3 Qxc2+ 35. Kxc2 Bd6 36. Rf3 Bc7 37. Kd3 Re6 38. e4 Rg6 39. e5 Rg2 40. Ne7+ Kb8 41. Rxf7 Bxe5 42. Ke4 Bxd4 0-1

[Event "Late-Titled-Tuesday-Blitz-April-16-2024"]
[Site "Chess.com"]
[Date "2024.04.16"]
[Round "5"]
[White "djano"]
[Black "XDPS"]
[Result "0-1"]
[WhiteElo "2620"]
[BlackElo "2824"]
[TimeControl "180+1"]
[EndTime "14:53:30 PDT"]
[Termination "XDPS won by resignation"]

1. e4 c5 2. Nc3 a6 3. g3 Nc6 4.
f4 g6 5. Bg2 Bg7 6. Nf3 d6 7. O-O Rb8 8. a4 b5 9. axb5 axb5 10.
h3 b4 11. Ne2 Nf6 12. d3 O-O 13. g4 Ne8 14. f5 Nc7 15. Ng3 d5 16. Qe1 dxe4 17. dxe4 Qd6 18. Kh1 Ba6 19. Rg1 Bb5 20. Be3 Bxb2 21. Rd1 Nd4 22. e5 Qb6 23. Nxd4 cxd4 24.
Bh6 Bc3 25. Qe4 Rfd8 26. e6 Bc4 27. Qf4 Qd6 28. Qf2 Nd5 29. exf7+ Kh8 30. Ne4 Qb6 31. f8=Q+ Rxf8 32. Bxf8 Rxf8 33. Ng5 Ne3 34. Qh4 h5 35. gxh5 Nxf5 36. Qf4 Qf6 37. hxg6 e5 38. Qg4 Be2 39. g7+ Qxg7 40. Ne6 Bxg4 41. Nxg7 Bxd1 42. Nxf5 Bxc2 43. Nh6 b3 44. Bd5 b2 45. Nf7+ Rxf7 46. Bxf7 b1=Q 0-1

[Event "Late-Titled-Tuesday-Blitz-April-16-2024"]
[Site "Chess.com"]
[Date "2024.04.16"]
[Round "5"]
[White "Jahonas"]
[Black "Szachulec75"]
[Result "1-0"]
[WhiteElo "2396"]
[BlackElo "2105"]
[TimeControl "180+1"]
[EndTime "14:53:32 PDT"]
[Termination "Jahonas won on time"]

1. d4 Nf6 2. c4 g6 3. Nc3 Bg7 4.
Bf4 d6 5. e3 O-O 6. Bd3 Nbd7 7.
Nge2 Re8 8. Bg3 e5 9. O-O b6 10. Rc1 Bb7 11. Re1 Nh5 12. d5 Nxg3 13. Nxg3 f5 14. Bc2 a6 15. Ba4 Rf8 16. Bxd7 Qxd7 17. e4 f4 18. Nf1 f3 19. Qd3 Bh6 20. Rc2 Qg4 21. Ng3 fxg2 22. Kxg2 Rf7 23. f3 Qh4 24. Rf2 Raf8 25. b4 Bc8 26. Kh1 Bg4 27. Ref1 Bh3 28.
Rg1 Kh8 29. Nce2 Bf4 30. Nxf4 Rxf4 31. Qe3 Bd7 32. Ne2 R4f6 33. Rg3 Rg8 34. Kg2 g5 35. c5 bxc5 36. bxc5 h5 37. cxd6 cxd6 38. Qa7 Rg7 39. Qb8+ Kh7 40. Qd8 Rgf7 41. Ng1 g4 42. f4 exf4 43.
Rxf4 Qg5 44. Rxf6 Qxf6 45. Qa5 Qe5 46. Qd2 Qxe4+ 47. Nf3 gxf3+ 48. Kf2 1-0

[Event "Late-Titled-Tuesday-Blitz-April-16-2024"]
[Site "Chess.com"]
[Date "2024.04.16"]
[Round "5"]
[White "Gabrielian_Artur"]
[Black "artin10862"]
[Result "0-1"]
[WhiteElo "2791"]
[BlackElo "2944"]
[TimeControl "180+1"]
[EndTime "14:53:36 PDT"]
[Termination "artin10862 won on time"]

1. e4 c5 2. Nf3 e6 3. Nc3 a6 4. d4 cxd4 5. Nxd4 b5 6. Bd3 Bb7 7. O-O Nc6 8. Nxc6 Bxc6 9. Re1 Qb8 10. a4 bxa4 11. Nxa4 Bd6 12. h3 Ne7 13. Qe2 Ng6 14. Nc3 a5 15. Bb5 O-O 16. Bxc6 dxc6 17. Rd1 Bh2+ 18.
Kh1 Be5 19. Qc4 Qb4 20. Ra4 Qb6 21. Kg1 Rad8 22. Rd3 Rxd3 23. cxd3 Rd8 24. Ra3 Bd4 25. Rb3 Bxf2+ 26. Kf1 Qa7 27. Qxc6 Bg3 28. Nd1 Ne5 29. Qb6 Qxb6 30. Rxb6 h5 31. Rb5 Nxd3 32. Be3 Nf4 33. Nc3 Rd3 34. Bxf4 Bxf4 35. Rxa5 h4 36. Ra8+ Kh7 37. Ke2 Rd2+ 38. Kf3 Bg3 39. Ne2 Be5 40. Ra3 Rxb2 41. Rd3 Kh6 42. g3 hxg3 43.
Nxg3 Rh2 0-1

[Event "Late-Titled-Tuesday-Blitz-April-16-2024"]
[Site "Chess.com"]
[Date "2024.04.16"]
[Round "5"]
[White "Korchmar_Vasiliy"]
[Black "stollenmonster"]
[Result "1-0"]
[WhiteElo "2726"]
[BlackElo "2881"]
[TimeControl "180+1"]
[EndTime "14:53:37 PDT"]
[Termination "Korchmar_Vasiliy won by resignation"]

1. e4 c5 2. d4 cxd4 3. Qxd4 Nc6 4. Qd3 g6 5. Nc3 Bg7 6. Nf3 Nf6 7. Be2 d6 8. O-O O-O 9. Nd5 b6 10. c3 Bb7 11.
Bg5 Nd7 12. Qe3 Re8 13. Rad1 Rc8 14. Rfe1 Nc5 15. h4 Ne6 16. Bh6 Nc7 17. Bxg7 Kxg7 18. h5 e5 19. h6+ Kg8 20. Nxc7 Rxc7 21. Bb5 Qf6 22. Rd3 Rd8 23. Bxc6 Bxc6 24. Red1 Rcd7 25. c4 Qe6 26. b3 Qg4 27. Re1 f5 28. Nd2 f4 29.
Qh3 Qxh3 30. Rxh3 Kf7 31. Nb1 Kf6 32. Nc3 g5 33. Rd1 g4 34. Rh5 Kg6 35. Rh4 Kg5 36.
g3 f3 37. Re1 a6 38. Nd1 Re7 39. Ne3 Bd7 40. Nd5 Rf7 41. Nxb6 Be6 42. Rd1 Rf6 43. Na4 Rxh6 44. Rxh6 Kxh6 45. Nc3 Kg5 46. Rd3 h5 47. c5 h4 48. gxh4+ Kf4 49. Rxd6 Re8 50. c6 g3 51. c7 Bh3 52. Rd8 Re7 53. c8=Q Bxc8 54. Nd5+ Kxe4 55. Nxe7 Bh3 56. h5 Kf4 57. h6 e4 58. h7 e3 59. Nd5+ Ke4 60. Nxe3 1-0

[Event "Late-Titled-Tuesday-Blitz-April-16-2024"]
[Site "Chess.com"]
[Date "2024.04.16"]
[Round "5"]
[White "masterofpuppets2"]
[Black "LuckIsMySkill"]
[Result "1/2-1/2"]
[WhiteElo "2493"]
[BlackElo "2673"]
[TimeControl "180+1"]
[EndTime "14:53:37 PDT"]
[Termination "Game drawn by stalemate"]

1. d4 Nf6 2. c4 e6 3. Nc3 Bb4 4. Qc2 b6 5. e4 Bb7 6. Bd3 Bxc3+ 7. bxc3 d6 8. f4 Nbd7 9. Nf3 e5 10. O-O O-O 11.
fxe5 dxe5 12. Bg5 h6 13. Bxf6 Nxf6 14. Nxe5 Re8 15. Qe2 c5 16. Qe3 Rxe5 17. dxe5 Ng4 18. Qg3 Qg5 19. Rf5 Qe3+ 20. Qxe3 Nxe3 21. Rf4 Rd8 22. Be2 Rd2 23. Rf2 Bxe4 24. Bf3 Rxf2 25. Kxf2 Bxf3 26. Kxe3 Bxg2 27. a4 g5 28. a5 Kg7 29.
axb6 axb6 30. Rb1 h5 31. Rg1 Bh3 32. Rxg5+ Kh6 33. Rg1 Be6 34. Rb1 Kg5 35. Rxb6 Kg4 36. Kf2 Kf4 37. Rc6 Bxc4 38. Rxc5 Be6 39. Ra5 h4 40. c4 Ke4 41. c5 Kxe5 42. Ra1 Kd5 43. Rc1 Kc6 44. Ke3 h3 45. Kf4 Bd5 46. Ke5 Be6 47. Kd4 Bd5 48. Rc3 Be6 49. Ra3 Kc7 50.
Ra7+ Kc6 51. Ra6+ Kc7 52. Ra1 Kc6 53. Re1 Kc7 54. Rb1 Kc6 55. Rb6+ Kc7 56. Ke5 Bc8 57. Rh6 Be6 58. Rxe6 fxe6 59. Kxe6 Kc6 60. Kf5 Kxc5 61. Kg4 Kd6 62. Kxh3 Ke7 63. Kg4 Kf7 64. Kg5 Kg7 65.
h4 Kh8 66. h5 Kg8 67. h6 Kh8 68.
Kh5 Kg8 69. Kg6 Kh8 70. h7 1/2-1/2

[Event "Late-Titled-Tuesday-Blitz-April-16-2024"]
[Site "Chess.com"]
[Date "2024.04.16"]
[Round "5"]
[White "jinxy2009"]
[Black "youngdinousaur"]
[Result "0-1"]
[WhiteElo "2310"]
[BlackElo "2234"]
[TimeControl "180+1"]
[EndTime "14:53:37 PDT"]
[Termination "youngdinousaur won by resignation"]

1. e4 c5 2. Nf3 e6 3. d4 cxd4 4. Nxd4 Nf6 5. Nc3 Nc6 6. Ndb5 d6 7. Bf4 e5 8. Bg5 a6 9. Na3 b5 10. Nd5 Be7 11. Bxf6 Bxf6 12. c3 Bg5 13. Nc2 O-O 14.
a4 bxa4 15. Rxa4 a5 16. Bc4 Rb8 17. b3 Be6 18. O-O g6 19. g3 Ne7 20. Nce3 Bxe3 21. Nxe3 Bxc4 22. Nxc4 d5 23. Nxe5 Qc7 24. Qd4 dxe4 25. b4 axb4 26. cxb4 Nc6 27. Nxc6 Qxc6 28. Ra7 Rfd8 29. Qb2 Qb6 30. Qa2 Qf6 31. Qc4 Qf3 32. b5 Rd2 33. Qc7 Rf8 34. Qf4 Qxf4 35. gxf4 Rb2 36.
Rb7 f5 37. Rd1 Rf7 38. Rd8+ Kg7 39. Rbb8 Rc7 40. b6 Rcc2 41. Rd7+ Kh6 42. Rbb7 Kh5 43. h3 h6 44. Rbc7 Rxf2 45. b7 Rfe2 46. Rc8 0-1

[Event "Late-Titled-Tuesday-Blitz-April-16-2024"]
[Site "Chess.com"]
[Date "2024.04.16"]
[Round "5"]
[White "EddieMarsalla"]
[Black "KNVB"]
[Result "0-1"]
[WhiteElo "2579"]
[BlackElo "2793"]
[TimeControl "180+1"]
[EndTime "14:53:38 PDT"]
[Termination "KNVB won by resignation"]

1. d4 e5 2. dxe5 Nc6 3. Nf3 Qe7 4. c3 Nxe5 5. Nxe5 Qxe5 6. Nd2 Bc5 7. Nf3 Qe7 8. Bf4 Nf6 9. e3 d6 10. Be2 h6 11. h3 O-O 12. O-O Re8 13. Re1 a5 14.
Bb5 c6 15. Bd3 d5 16. Qc2 a4 17. Rad1 Be6 18. Nd4 Bd7 19. Nf5 Qf8 20. c4 Bb4 21. Re2 a3 22. b3 Rad8 23. Bc7 Rc8 24. Bf4 Ne4 25. Bxe4 Rxe4 26. Ng3 Ree8 27. Nf5 Re4 28. Ng3 Re6 29. Nf5 Rf6 30. Nd4 Qe8 31. Bg3 Rg6 32. Qc1 Qe7 33. Nc2 Bc5 34. cxd5 cxd5 35. Rxd5 Bb5 36. Red2 Bc6 37. Re5 Qf8 38. Qd1 Bd6 39. Nd4 Bxe5 40. Bxe5 Rxg2+ 41. Kf1 Rg6 42. Nxc6 Rgxc6 43. Kg2 Qe8 44. Kh2 Qxe5+ 45. Kg2 Qe4+ 46. Kf1 Rc1 47. Ke2 Rxd1 48. Rxd1 Qc2+ 49. Rd2 Qxd2+ 50. Kxd2 b5 51. b4 Kf8 0-1

[Event "Late-Titled-Tuesday-Blitz-April-16-2024"]
[Site "Chess.com"]
[Date "2024.04.16"]
[Round "5"]
[White "laskakid"]
[Black "PNEPaul"]
[Result "1-0"]
[WhiteElo "2362"]
[BlackElo "1861"]
[TimeControl "180+1"]
[EndTime "14:53:38 PDT"]
[Termination "laskakid won on time"]

1. e4 e5 2. Nf3 Nc6 3. d3 Be7 4. g3 Nf6 5. Bg2 O-O 6. O-O h6 7. c3 d6 8. b4 a6 9. Nbd2 Be6 10. Re1 Qd7 11. Bb2 Bh3 12. Bh1 Rad8 13. a4 Ng4 14.
Nc4 f5 15. exf5 Rxf5 16. Ne3 Nxe3 17. Rxe3 Bg4 18. Qb3+ Kh8 19. Nd2 Bg5 20. Re4 Bxd2 21. Rxg4 Rxf2 22. Rxg7 Qxg7 23. Kxf2 Qg5 24. Be4 Rf8+ 25.
Kg2 Qe3 26. Rf1 Qe2+ 27. Kh3 Qxf1+ 28. Kg4 h5+ 29. Kh4 Qf6+ 30. Kh3 Qg5 31. Qe6 Qg4+ 32.
Qxg4 hxg4+ 33. Kxg4 Ne7 34. Bxb7 Rg8+ 35. Kf3 Bg5 36. b5 axb5 37. a5 d5 38. a6 Nf5 39.
a7 Ne3 40. a8=Q Rxa8 41. Bxa8 Nd1 42. Ba3 Nxc3 43. Bc6 d4 44. h4 Bd2 45. g4 Kg7 46. g5 1-0

[Event "Late-Titled-Tuesday-Blitz-April-16-2024"]
[Site "Chess.com"]
[Date "2024.04.16"]
[Round "5"]
[White "Andrii_Prydun"]
[Black "Slovak_fighter2000"]
[Result "1-0"]
[WhiteElo "2368"]
[BlackElo "2520"]
[TimeControl "180+1"]
[EndTime "14:53:41 PDT"]
[Termination "Andrii_Prydun won on time"]

1. e4 c5 2. Nf3 d6 3. c3 Nf6 4. h3 Bd7 5. Qc2 Qc7 6. Bc4 e6 7. a4 Be7 8. O-O O-O 9. d3 Nc6 10. Bf4 a6 11. Nbd2 Rab8 12. Rae1 b5 13. axb5 axb5 14.
Ba2 e5 15. Bb1 exf4 16. d4 g6 17. dxc5 dxc5 18. e5 Nd5 19. Ne4 Bf5 20. Qd2 Rbd8 21. Qe2 Bxe4 22. Bxe4 c4 23. e6 f5 24. Bc2 Bf6 25. h4 Nce7 26. h5 Kg7 27. Nd2 Rfe8 28. Ra1 Ra8 29. Rfe1 Qb7 30. Rad1 Red8 31. Rb1 Qb6 32.
Rbd1 Ra2 33. Rb1 Nxc3 34. bxc3 Rxc2 35. Nxc4 Rxe2 36. Nxb6 Rxe1+ 37. Rxe1 Bxc3 38. Rb1 b4 39. Nd7 gxh5 40. Nc5 Kf6 41. Nb3 Kxe6 42. Kf1 Kf6 43. f3 Nd5 44. Kf2 Ne3 45. Kg1 1-0

[Event "Late-Titled-Tuesday-Blitz-April-16-2024"]
[Site "Chess.com"]
[Date "2024.04.16"]
[Round "5"]
[White "Bkmzzzzz"]
[Black "ansko1999"]
[Result "0-1"]
[WhiteElo "2375"]
[BlackElo "2578"]
[TimeControl "180+1"]
[EndTime "14:53:42 PDT"]
[Termination "ansko1999 won by resignation"]

1. e4 c5 2. Nf3 Nf6 3. Nc3 d5 4. exd5 Nxd5 5. Bb5+ Bd7 6. Bxd7+ Qxd7 7. Nxd5 Qxd5 8. O-O Nc6 9. d3 e5 10. Re1 Bd6 11. Ng5 f6 12. Ne4 O-O 13. Qh5 Nd4 14. Qd1 f5 15. Nxd6 Qxd6 16. Be3 Nc6 17. Bd2 Rae8 18. Bc3 Qd5 19. Qh5 Re6 20. f3 Rh6 21. Qg5 Rg6 22. Qe3 Re8 23. Re2 b6 24. Rae1 Ree6 25.
Qf2 Kf7 26. h3 a5 27. Kh2 a4 28. a3 h6 29. Re3 Rgf6 30. Qe2 Nd4 31. Bxd4 exd4 32.
Rxe6 Rxe6 33. Qxe6+ Qxe6 34. Rxe6 Kxe6 35. Kg3 g5 36.
Kf2 f4 37. Ke2 Kd5 38. Kd2 b5 39. Ke2 b4 40. Kd2 bxa3 41. bxa3 c4 42. Ke2 Kc5 43.
Kd2 Kd5 44. Ke2 h5 45. Kd2 Kc5 46. Ke2 c3 47. Ke1 Kd5 48. Kf2 Ke5 49. Kg1 Kf5 50. Kh2 g4 51. Kg1 Kg5 52. Kh2 Kh4 53. hxg4 hxg4 54.
Kh1 gxf3 55. gxf3 Kg3 0-1

[Event "Late-Titled-Tuesday-Blitz-April-16-2024"]
[Site "Chess.com"]
[Date "2024.04.16"]
[Round "5"]
[White "DanielNaroditsky"]
[Black "jcibarra"]
[Result "1/2-1/2"]
[WhiteElo "3123"]
[BlackElo "2930"]
[TimeControl "180+1"]
[EndTime "14:53:44 PDT"]
[Termination "Game drawn by repetition"]

1. e4 Nc6 2. Nf3 d6 3. d4 Nf6 4.
Nc3 g6 5. Be3 Bg7 6. Qd2 Ng4 7.
Bg5 h6 8. Bh4 a6 9. h3 Nf6 10. O-O-O b5 11. Qe3 b4 12. e5 bxc3 13. exf6 cxb2+ 14. Kb1 Bf8 15. d5 g5 16. Bg3 Nb8 17. fxe7 Bxe7 18. Re1 Kf8 19. Nd4 Bf6 20. Bd3 Bb7 21. Bc4 Nd7 22. f4 Nb6 23. Bb3 Nxd5 24. Qf3 Bxd4 25. Bxd5 Bxd5 26. Qxd5 Bf6 27. fxg5 hxg5 28. Rhf1 Rh6 29. Rf5 Rb8 30. a4 Rb4 31.
Qa5 Qb8 32. Ref1 Rd4 33. Bf2 Rf4 34. Be3 Rxf1+ 35. Rxf1 Qe8 36. Bxg5 Bxg5 37. Qxg5 Qe6 38. Qd8+ Kg7 39. Qxc7 Rg6 40. g4 Rg5 41. Qc3+ Kg8 42. Qxb2 Rc5 43. Qf6 Qc4 44. Qd8+ Kg7 45. Qf6+ Kg8 46.
Rf2 Qb4+ 47. Kc1 Qe1+ 48. Kb2 Qb4+ 49. Kc1 Qe1+ 50. Kb2 Qb4+ 51. Kc1 1/2-1/2

[Event "Late-Titled-Tuesday-Blitz-April-16-2024"]
[Site "Chess.com"]
[Date "2024.04.16"]
[Round "5"]
[White "zverr1"]
[Black "CarlosjPineror"]
[Result "1-0"]
[WhiteElo "2519"]
[BlackElo "2688"]
[TimeControl "180+1"]
[EndTime "14:53:44 PDT"]
[Termination "zverr1 won by resignation"]

1. e4 c5 2. Nf3 e6 3. b3 b6 4. Bb2 Bb7 5. Qe2 Nc6 6. g3 a6 7.
Bg2 Qc7 8. O-O d6 9. d4 cxd4 10. Nxd4 Nf6 11. c4 Be7 12. Nxc6 Qxc6 13. Nc3 O-O 14.
Rfe1 Rac8 15. Nd5 Nxd5 16. exd5 Qc5 17. dxe6 Bxg2 18. Kxg2 d5 19. exf7+ Rxf7 20. Rad1 dxc4 21. bxc4 Qc6+ 22. Kg1 Rcf8 23. Bd4 Bc5 24. Rf1 Bxd4 25. Rxd4 Qc5 26. Qe3 Re7 27. Re4 Qxe3 28. Rxe3 Rxe3 29. fxe3 Rc8 30. Rc1 Kf7 31. Kf2 Ke6 32. Ke2 Ke5 33.
Kd3 Rd8+ 34. Kc3 Rf8 35. Rc2 Rf3 36. Kd3 Rf1 37. c5 b5 38. c6 Rf8 39. c7 Rc8 40. Rc6 Kd5 41. Rxa6 Rxc7 42. Ra8 h6 43. Rb8 Kc5 44.
a3 Ra7 45. Rc8+ Kb6 46. Rc3 Rd7+ 47. Ke4 Re7+ 48. Kf5 Rd7 49. e4 Rd2 50. h4 h5 51.
e5 Rf2+ 52. Ke6 Ka5 53. Kd7 b4 54. axb4+ Kxb4 55. Rc1 Rd2+ 56. Kc7 Re2 57. Kd6 Rd2+ 58. Ke7 Rg2 59. e6 Rxg3 60. Re1 g5 61. hxg5 Rxg5 62. Kf6 Rg8 63. e7 Re8 64. Kf7 1-0

[Event "Late-Titled-Tuesday-Blitz-April-16-2024"]
[Site "Chess.com"]
[Date "2024.04.16"]
[Round "5"]
[White "GothamChess"]
[Black "Caterpiller35"]
[Result "1-0"]
[WhiteElo "2684"]
[BlackElo "2487"]
[TimeControl "180+1"]
[EndTime "14:53:46 PDT"]
[Termination "GothamChess won by resignation"]

1. e4 c5 2. Nc3 Nc6 3. Bb5 Nd4 4. Nf3 a6 5. Bd3 e6 6. O-O Qc7 7. Re1 Nf6 8. e5 Ng4 9. Nxd4 cxd4 10. Qxg4 dxc3 11.
dxc3 h5 12. Qf3 Rb8 13. Bf4 Be7 14. Rad1 g5 15. Bc1 b5 16. a3 a5 17. Qe2 b4 18.
cxb4 axb4 19. a4 g4 20. b3 Rg8 21. Bb5 h4 22. Bf4 Qc5 23. g3 hxg3 24. Bxg3 Rb7 25. Qc4 Rc7 26. Qxc5 Bxc5 27. Re4 Bb7 28. Ree1 Bf3 29.
Rd2 Ke7 30. Bh4+ Ke8 31. a5 Rh8 32. Bg3 Ke7 33. a6 Rh3 34. Be2 Ra7 35. Bxf3 gxf3 36. Rd3 Rxa6 37. Red1 Ra7 38. Rxf3 Rc7 39. Kg2 Rh5 40.
Rfd3 Ke8 41. h4 Be7 42. R3d2 Bxh4 43. Rh1 Bg5 44. Rxh5 Bxd2 45. Rh8+ Ke7 46. Bh4+ f6 47. Rh7+ Kf8 48. Bxf6 Rxc2 49. Rxd7 Be3 50. Bh4 Bd4 51. Rxd4 1-0

[Event "Late-Titled-Tuesday-Blitz-April-16-2024"]
[Site "Chess.com"]
[Date "2024.04.16"]
[Round "5"]
[White "FairChess_on_YouTube"]
[Black "Hasangatin_Ramil"]
[Result "1/2-1/2"]
[WhiteElo "3075"]
[BlackElo "2642"]
[TimeControl "180+1"]
[EndTime "14:53:48 PDT"]
[Termination "Game drawn by repetition"]

1. c4 e5 2. Nc3 Nf6 3. Nf3 Nc6 4. e4 Bb4 5. d3 d6 6. a3 Bc5 7. b4 Bd4 8. Nxd4 Nxd4 9. Ne2 c5 10.
Nxd4 cxd4 11. Be2 Nd7 12. O-O a5 13. Bd2 axb4 14. Bxb4 Nc5 15. f4 Qc7 16. fxe5 dxe5 17. Bh5 g6 18. Rf6 O-O 19. Be2 Kg7 20. Qf1 Be6 21. Qf2 b6 22. Rf1 Qe7 23. h4 h6 24.
Kh2 Ra4 25. Qg3 Rxb4 26. axb4 Nd7 27. Rxe6 fxe6 28. Rxf8 Qxf8 29. Bg4 Qf6 30. h5 g5 31. Bd1 Kf7 32. Ba4 Ke7 33. Bc6 Nb8 34. Bb5 Nd7 35.
Kg1 Kd6 36. Bxd7 Kxd7 37. Qf2 Qf4 38. g3 Qc1+ 39. Kg2 Ke7 40. Qe2 Qc3 41. b5 Qc1 42. Qa2 Kf6 43. Qa8 Qd2+ 44. Kh3 g4+ 45. Kxg4 Qg5+ 46. Kf3 Qe3+ 47. Kg2 Qe2+ 48. Kh3 Qxh5+ 49.
Kg2 Qe2+ 50. Kh3 Qh5+ 51. Kg2 Qe2+ 52. Kh3 Qh5+ 1/2-1/2

[Event "Late-Titled-Tuesday-Blitz-April-16-2024"]
[Site "Chess.com"]
[Date "2024.04.16"]
[Round "5"]
[White "Karttunen"]
[Black "Mikhail_Bryakin"]
[Result "0-1"]
[WhiteElo "2696"]
[BlackElo "2879"]
[TimeControl "180+1"]
[EndTime "14:53:49 PDT"]
[Termination "Mikhail_Bryakin won by resignation"]

1. e4 e5 2. Nf3 d5 3. d4 dxe4 4. Nxe5 Nd7 5. Bf4 Nxe5 6. Bxe5 f6 7. Bg3 Bd6 8. Nc3 f5 9. Bxd6 Qxd6 10. Bc4 Nf6 11. Qd2 a6 12. O-O-O Be6 13. Bxe6 Qxe6 14. d5 Qe5 15. f4 Qd6 16. h3 O-O-O 17. Qf2 Kb8 18. Kb1 h5 19. g3 Rhe8 20. Qe3 Re7 21. a3 Red7 22. Rhg1 Qb6 23. Qxb6 cxb6 24. g4 hxg4 25.
hxg4 Nxg4 26. Nxe4 Rxd5 27. Rxd5 Rxd5 28. Nc3 Rd2 29. Rf1 Rxc2 30. Kxc2 Ne3+ 31. Kd3 Nxf1 32. Kd4 g6 33. Nd5 Nh2 34. Ne7 g5 35. fxg5 Nf3+ 36. Kd5 Nxg5 37. Nxf5 Kc7 38. Nd4 Kd7 39. Nf5 Ne6 40.
Ne3 Nf4+ 41. Ke4 Ne2 42. Kd5 Nc1 43. Nc4 Kc7 44. Ne5 Nb3 45. Kc4 Nc5 46. b4 Ne4 47. Kd5 Nf6+ 48. Kd4 Kd6 49. Nc4+ Kc6 50. a4 Nd7 51.
Ne3 b5 52. a5 Nf6 53. Ke5 Ne8 54. Nf5 Nc7 55. Nd4+ Kd7 56. Nb3 Ne6 57. Kd5 Nf4+ 58.
Ke5 Nd3+ 59. Kd4 Nxb4 60. Kc5 Nc6 61. Kb6 Kc8 62. Nc5 Nd8 63. Nd3 Ne6 64. Nb4 Nc7 65.
Kc5 Ne8 66. Kb6 Nd6 67. Nd5 Nc4+ 68. Kc5 Nxa5 69. Nb6+ Kb8 70. Nd7+ Kc7 71. Ne5 Nc6 72. Nd3 b6+ 0-1